 Seeded DCSS version 0.30-a0-1160-g6e42c06551 (webtiles) character file.

Game seed: 1 (custom seed)

25 BigDaddyOpFi the Covered (level 2, 27/27 HPs)
             Began as an Armataur Fighter on Apr 25, 2023.
             Got out of the dungeon alive.
             The game lasted 00:00:49 (1113 turns).

BigDaddyOpFi the Covered (Armataur Fighter)         Turns: 1113, Time: 00:00:49

Health: 27/27      AC:  7    Str: 21    XL:     2   Next: 82%
Magic:  2/2        EV:  7    Int:  8    God:
Gold:   80         SH:  4    Dex:  9    Spells: 1/1 levels left

rFire   . . .        a - +0 war axe
rCold   . . .        c - +0 buckler
rNeg    . . .        b - +0 scale mail
rPois   .            (no helmet)
rElec   .            (no cloak)
rCorr   .            (no gloves)
SInv    .            (no barding)
Will    .....        (no amulet) Stlth
                     (no ring)
HPRegen 0.24/turn    (no ring)
MPRegen 0.08/turn

%: roll
@: no status effects
A: large, rugged brown scales 3, deformed body, armoured tail, roll, long
tongue, awkward tongue
a: no special abilities


You escaped.
You visited 1 branch of the dungeon, and saw 1 of its levels.

You collected 80 gold pieces.

Inventory:

Hand Weapons
 a - a +0 war axe (weapon)
Armour
 b - a +0 scale mail (worn)
 c - a +0 buckler (worn)
Potions
 d - a potion of might
 f - a potion of degeneration
 g - a potion of ambrosia {unknown}


   Skills:
 + Level 3.0 Fighting
 + Level 2.0 Axes
 + Level 4.0 Armour
 + Level 3.6 Shields


You had one spell level left.
You didn't know any spells.
Your spell library was empty.

Dungeon Overview and Level Annotations

Branches:
Dungeon (1/15)

Altars:


Innate Abilities, Weirdness & Mutations

You are completely covered in rugged brown scales. (AC +3, +7% HP)
Armour fits poorly on your strangely shaped body.
You have a long armoured tail.
You roll when moving toward enemies. (Rampage)
Your long tongue fully drains potion bottles. (2x potion effects)
Your tongue gives you trouble enunciating. (1.5x scroll delay)


Message History

You see here a +0 robe.
Key pressed, stopping explore.
No target in view!
You see here a +0 ring mail.
You see here a +0 dagger.
Key pressed, stopping explore.
No target in view!
Key pressed, stopping explore.
No target in view!
No target in view!
You enter the shallow water.
There is an open door here.
A bat comes into view.
No reachable target in view!
A bat is nearby!
No reachable target in view!
A bat is nearby!
No reachable target in view!
A bat is nearby!
No reachable target in view!
As you slowly read the scroll labelled NAURHE KYU, it crumbles to dust.
It is a scroll of identify.
f - a potion of degeneration
There is a faded altar of an unknown god here.
A bat is nearby!
A bat is nearby!
No reachable target in view!
A bat is nearby!
No reachable target in view!
No reachable target in view!
No reachable target in view!
There is an open door here.
(D) Dungeon
Where to? (? - help)
Okay, then.
You open the door.
There is an open door here.
There is a staircase leading out of the dungeon here.
Are you sure you want to leave the Dungeon?
This will make you lose the game!
You have escaped!

#.##...# ##### ####.........
#.##.### ######## #.....>...
#...######....(.#### ##........
#..####............## #........
#..# #......####....###........
#..###....#######....##........
#..##....##.....##...###......#
###..#....###..##.###..###......#
.....#....##..##@.###..##.......#
####.#....##...###'#..###......##
.#####....###...###...##.......#
.....##....##........###......##
.######.....###....####.......#
.# ##.....########...)....## .#
##......####.........## # .# ###
##.................## # .# #.#
###.............########


There were no monsters in sight!

Vanquished Creatures
  A dart slug (D:1)
  3 endoplasms (D:1)
  A giant cockroach (D:1)
  2 goblins (D:1)
  2 hobgoblins (D:1)
  2 quokkas (D:1)
  A ball python (D:1)
  3 bats (D:1)
  A frilled lizard (D:1)
  A kobold (D:1)
  4 rats (D:1)
21 creatures vanquished.

Notes
Turn   | Place    | Note
-------+----------+-------------------------------------------
     0 | D:1      | BigDaddyOpFi the Armataur Fighter began the quest for the
                  | Orb.
     0 | D:1      | Reached XP level 1. HP: 19/19 MP: 1/1
   115 | D:1      | Found a faded altar of an unknown god.
   450 | D:1      | Reached XP level 2. HP: 25/26 MP: 2/2
   795 | D:1      | Reached skill level 4 in Armour
  1113 | D:$      | Got out of the dungeon alive.

Illustrated notes

Levels and vault maps discovered:
D:1:      dpeg_arrival_snail, layout_loops_ring, nicolae_ecumenical_lake_church,
          amethyst_killhole

Skill      XL: |  1  2 |
---------------+-------+-----
Fighting       | 3 |  3.0
Axes           | 2 |  2.0
Armour         | 4 |  4.0
Shields        | |  3.6

Action                     || total
---------------------------++-------
  Melee: War axe           ||    49
         Tailslap          ||     3
    Use: Scroll            ||     4
 Armour: Scale mail        ||    27
  Dodge: Dodged            ||    14
  Block: Buckler           ||     9

Table legend: (Time is in decaauts)
 A = Elapsed time spent in this place.
 B = Non-inter-level travel time spent in this place.
 C = Inter-level travel time spent in this place.
 D = Time resting spent in this place.
 E = Time spent auto-exploring this place.
 F = Levels seen in this place.
 G = Mean time per level.
                   A        B        C        D        E       F      G
               +--------+--------+--------+--------+--------+-----+--------+
         Total |   1137 |   1079 |     58 |    210 |    726 |   1 | 1137.0 |
       Dungeon |   1137 |   1079 |     58 |    210 |    726 |   1 | 1137.0 |
               +--------+--------+--------+--------+--------+-----+--------+

Top non-repeatable levels by time:
     D:1: 1137 daAuts
